 Dungeon Crawl Stone Soup version 0.31-a0-233-g139696dc86 (webtiles) character file.

Game seed: 13945229375876561924

96 qw the Shooter (level 4, -1/26 HPs)
             Began as a Gargoyle Hexslinger on July 8, 2023.
             Slain by a gnoll
             ... wielding a +0 halberd
              (9 damage)
             ... on level 3 of the Dungeon.
             The game lasted 00:00:43 (1813 turns).

qw the Shooter (Gargoyle Hexslinger)                Turns: 1813, Time: 00:00:43

Health: -1/26      AC:  9    Str: 11    XL:     4   Next: 67%
Magic:  5/5        EV: 11    Int: 14    God:
Gold:   11         SH:  0    Dex: 14    Spells: 4/5 levels left

rFire   . . .        Y - +2 sling
rCold   + . .        (no shield)
rNeg    + . .        h - +1 leather armour {rC+}
rPois   inf          i - +0 helmet
rElec   +            (no cloak)
rCorr   .            a - +0 pair of gloves
SInv    .            (no boots)
Will    .....        f - amulet of faith
Stlth   +            (no ring)
HPRegen 0.24/turn    (no ring)
MPRegen 0.09/turn

%: faith
@: no status effects
A: sickness immunity, AC +3, negative energy resistance 1, electricity
resistance, torment resistance 1, petrification resistance
a: no special abilities


You were on level 3 of the Dungeon.
You visited 1 branch of the dungeon, and saw 3 of its levels.

You collected 152 gold pieces.
You spent 141 gold pieces at shops.


Innate Abilities, Weirdness & Mutations

You are immune to sickness and miasma.
Your stone body is resilient. (AC +3)
You are immune to poison.
You resist negative energy. (rN+)
You are resistant to electric shocks. (rElec)
You are resistant to unholy torment.
You are immune to petrification.


   Skills:
 - Level 2.0 Fighting
 + Level 4.4 Ranged Weapons
 - Level 1.5 Dodging
 - Level 1.0 Spellcasting
 - Level 2.6 Hexes


You had 4 spell levels left.
You knew the following spells:

 Your Spells              Type           Power      Damage    Failure   Level
a - Slow                  Hex            32%        N/A       12%         1

Your spell library contained the following spells:

 Spells                   Type           Power      Damage    Failure   Level
 Inner Flame              Hex/Fire       4%         N/A       52%         3
 Portal Projectile        Hex/Tloc       8%         N/A       52%         3
 Cause Fear               Hex            4%         N/A       75%         4

Inventory:

Hand Weapons
 Y - a +2 sling (weapon)
Armour
 a - a +0 pair of gloves (worn)
 h - a +1 leather armour of cold resistance (worn)
 i - a +0 helmet (worn)
Jewellery
 c - a ring of fire
 f - an amulet of faith (around neck)
Scrolls
 j - a scroll of identify
Potions
 e - a potion of might
 k - a potion of berserk rage {unknown}

Dungeon Overview and Level Annotations

Branches:
Dungeon (3/15)

Altars:

Shops:
D:2 *(?[:


Message History

You shoot a sling bullet. The gnoll shouts!
The sling bullet hits the gnoll.
The gnoll is lightly wounded.
A gnoll comes into view. It is wielding a +0 club.
The gnoll shouts!
You shoot a sling bullet. The sling bullet hits the gnoll.
The gnoll is lightly wounded.
The gnoll hits you but does no damage.
You shoot a sling bullet. The sling bullet hits the gnoll.
The gnoll is heavily wounded.
The gnoll closely misses you. The gnoll hits you with a +0 whip.
The gnoll barely misses you. The gnoll closely misses you.
You shoot a sling bullet. The sling bullet hits the gnoll.
The gnoll is almost dead.
The gnoll barely misses you.
You shoot a sling bullet. The sling bullet hits the gnoll.
The gnoll is moderately wounded.
The gnoll completely misses you.
You shoot a sling bullet. The sling bullet hits the gnoll.
The gnoll is heavily wounded.
The gnoll barely misses you. x2
You shoot a sling bullet. The sling bullet hits the gnoll.
You kill the gnoll!
The gnoll hits you but does no damage. The gnoll completely misses you.
You shoot a sling bullet.
The sling bullet closely misses the gnoll.
The gnoll hits you with a +0 club.
The gnoll hits you from afar with a +0 halberd. x2
The gnoll barely misses you.
You shoot a sling bullet. The sling bullet hits the gnoll.
The gnoll is heavily wounded.
The gnoll closely misses you. The gnoll barely misses you.
You shoot a sling bullet. The sling bullet hits the gnoll.
The gnoll is almost dead.
The gnoll hits you with a +0 club! The gnoll barely misses you.
You shoot a sling bullet. The sling bullet hits the gnoll!
You kill the gnoll!
The gnoll hits you from afar with a +0 halberd!
You die...

### # ...## #.
######.....# #.#
#...@)....>.
#..##.###)).....
.##...#)#
g......
...)....#
.......
.##...#<#
.......
........#
.......
####.####
.##.##. #. .. ..
#


You could see a gnoll.

Vanquished Creatures
  Robin (D:2)
  2 gnolls (D:3)
  2 adders (D:2)
  2 dart slugs (D:1)
  An orc (D:2)
  3 endoplasms
  17 goblins
  4 hobgoblins
  3 ball pythons (D:1)
  4 bats
  3 frilled lizards
  4 kobolds
  6 rats
52 creatures vanquished.

Notes
Turn   | Place    | Note
-------+----------+-------------------------------------------
     0 | D:1      | qw the Gargoyle Hexslinger began the quest for the Orb.
     0 | D:1      | Reached XP level 1. HP: 12/12 MP: 2/2
     0 | D:1      | 0 ||| qw: Version: 0.3-a-46-gb1f654a
     0 | D:1      | 0 ||| qw: Game counter: 3690
     0 | D:1      | 0 ||| qw: Melee chars always use a shield: true
     0 | D:1      | 0 ||| qw: God list: Okawaru
     0 | D:1      | 0 ||| qw: Allow faded altars: false
     0 | D:1      | 0 ||| qw: Do Orc after clearing Dungeon:15 true
     0 | D:1      | 0 ||| qw: Do second Lair branch before Depths: true
     0 | D:1      | 0 ||| qw: Lair rune preference: random
     0 | D:1      | 0 ||| qw: Goals: Normal
     0 | D:1      | 0 ||| PLANNING D:1-11
    21 | D:1      | 21 ||| FLEEEEING.
    22 | D:1      | 22 ||| FLEEEEING.
    73 | D:1      | Reached XP level 2. HP: 10/16 MP: 3/3
   140 | D:1      | Reached skill level 3 in Ranged Weapons
   490 | D:1      | Reached XP level 3. HP: 21/21 MP: 4/4
   627 | D:1      | 627 ||| UPGRADING to +0 leather armour.
   637 | D:1      | 637 ||| DROPPING +0 robe.
   638 | D:1      | 638 ||| UPGRADING to +0 helmet.
   643 | D:1      | 643 ||| UPGRADING to amulet of faith.
   648 | D:1      | 648 ||| READING scroll labelled UNINIJ OVUKHUSEL.
   649 | D:1      | 649 ||| READING scroll labelled AKEPEM BYROSI.
   650 | D:1      | 650 ||| READING scroll labelled OBEASUOSEC.
   651 | D:1      | 651 ||| READING scroll labelled FITESU DUPSEA.
   652 | D:1      | 652 ||| DROPPING scroll of poison.
   679 | D:2      | Found Guaf's Antique Armour Boutique.
   686 | D:2      | 686 ||| SHOPLISTING pair of embroidered gloves (142 gold,
                  | have 89).
   686 | D:2      | 686 ||| BUYING pair of gloves (85 gold).
   686 | D:2      | Bought a pair of gloves for 85 gold pieces
   686 | D:2      | 686 ||| SHOPLISTING ring mail (76 gold, have 4).
   686 | D:2      | 686 ||| SHOPLISTING runed helmet (142 gold, have 4).
   746 | D:2      | Found Bynk's General Store.
   755 | D:2      | 755 ||| SHOPLISTING +0 ring mail (52 gold, have 4).
   755 | D:2      | 755 ||| SHOPLISTING 2 potions of heal wounds (130 gold,
                  | have 4).
   755 | D:2      | 755 ||| SHOPLISTING scroll of identify (26 gold, have 4).
   975 | D:2      | Found Herphodyw's Book Shop.
  1027 | D:2      | Reached XP level 4. HP: 26/26 MP: 5/5
  1034 | D:2      | Noticed Robin
  1037 | D:2      | Reached skill level 4 in Ranged Weapons
  1049 | D:2      | HP: 4/26 [Robin/+0 trident (5)]
  1054 | D:2      | Killed Robin
  1218 | D:2      | Found a faded altar of an unknown god.
  1349 | D:2      | Found Zoempust's Antique Weapon Emporium.
  1357 | D:2      | 1357 ||| SHOPLISTING runed longbow (266 gold, have 67).
  1389 | D:2      | Found Cow Bea's Magic Scroll Shoppe.
  1393 | D:2      | 1393 ||| BUYING scroll of identify (28 gold).
  1393 | D:2      | Bought a scroll of identify for 28 gold pieces
  1393 | D:2      | 1393 ||| BUYING scroll of identify (28 gold).
  1393 | D:2      | Bought a scroll of identify for 28 gold pieces
  1393 | D:2      | 1393 ||| SHOPLISTING scroll of teleportation (42 gold, have
                  | 11).
  1657 | D:2      | 1657 ||| UPGRADING to +0 pair of gloves.
  1662 | D:2      | 1662 ||| UPGRADING to +0 ring mail.
  1672 | D:2      | 1672 ||| DROPPING +0 leather armour.
  1673 | D:2      | 1673 ||| UPGRADING to +1 leather armour of cold resistance.
  1683 | D:2      | 1683 ||| DROPPING +0 ring mail.
  1684 | D:2      | 1684 ||| READING 2 scrolls of identify.
  1684 | D:2      | 1684 ||| IDENTIFYING red potion
  1685 | D:2      | 1685 ||| DROPPING potion of degeneration.
  1695 | D:3      | 1695 ||| STAIRDANCE
  1697 | D:3      | HP: 5/26 [kobold/+1 whip of distortion (12)]
  1813 | D:3      | Slain by a gnoll

Levels and vault maps discovered:
D:1:      scummos_arrival_hexagon, layout_basic
D:2:      layout_loops_corners, shapermc_ecumenical_altar_mp_urbaneastern,
          serial_shops, shop, nicolae_shop_peninsula, shop, shop,
          nicolae_shop_back_alley_shop, uniq_robin
D:3:      layout_loops_corners, uniq_crazy_yiuf_cottage, uniq_sigmund,
          uniq_natasha

Skill      XL: |  1  2  3  4 |
---------------+-------------+-----
Ranged Weapons | 3 4 |  4.4
Fighting       | 2 |  2.0
Dodging        | |  1.5
Spellcasting   | |  1.0
Hexes          | |  2.6

Action                     |  1- 3 |  4- 6 || total
---------------------------+-------+-------++-------
   Fire: Sling             |    93 |    66 ||   159
    Use: Scroll            |     4 |     1 ||     5
 Armour: Robe              |    11 |       ||    11
         Leather armour    |     4 |    22 ||    26
  Dodge: Dodged            |    24 |    28 ||    52

Table legend:
 A = Non-vault XP
 B = Vault XP
 C = Vault XP percentage of total XP
 D = Non-vault monster count
 E = Vault monster count
 F = Vault count percentage of total count
                 A         B        C        D         E       F
            +---------+---------+-------+---------+---------+-------
      Total |     115 |      37 |  24.3 |      39 |      13 |  25.0
            +---------+---------+-------+---------+---------+-------
        D:1 |      39 |       0 |   0.0 |      21 |       0 |   0.0
        D:2 |      41 |      37 |  47.4 |      12 |      13 |  52.0
        D:3 |      35 |       0 |   0.0 |       6 |       0 |   0.0
            +---------+---------+-------+---------+---------+-------
